AoeStats
← ky21431

Arena

510315812Analyzed
4v4 RM · 2d ago on Sep 30, 2026· 43m 14s· 8 players
Game mode
Random Map
Map size
Large (8 player)
Population
200
Speed
Normal
Resources
Standard
Victory
Conquest
Starting age
Dark Age
Ending age
Imperial Age
RankedLock teamsTeams togetherTeam positionsShared explorationLock speedFull tech treeHidden civsTurbo modeCheats
Victory
Defeat
🇹🇼 Khmer · Taiwan
1100
+15
🇨🇳 Varangians · China
1073
+16
🇹🇼 Turks · Taiwan
1059
+17
🇨🇳 Franks · China
1054
+17
🇵🇱 Byzantines · Poland
1104
-17
🇹🇼 Cumans · Taiwan
1096
-17
🇨🇳 Mongols · China
1088
-17
🇨🇳 Franks · China
1027
-14
雨""沉
9:32 Loom
11:20 Feudal Age
14:26 Castle Age
12:13 Double-Bit Axe
13:19 Horse Collar
25:17 Bloodlines
25:17 Scale Barding Armor
26:24 Chain Barding Armor
26:21 Gold Mining
27:55 Gold Shaft Mining
28:19 Forging
29:23 Wheelbarrow
29:13 Stone Mining
30:20 Iron Casting
30:01 Tusk Swords
30:45 Husbandry
33:55 Heavy Plow
41:36 Hand Cart
45:22 Imperial Age
42:41 Town Watch
高希英娜
10:40 Feudal Age
14:30 Castle Age
12:20 Double-Bit Axe
15:29 Bow Saw
16:55 Wheelbarrow
21:05 Gold Mining
22:39 Gold Shaft Mining
22:40 Stone Mining
28:26 Imperial Age
25:42 Loom
26:39 Husbandry
26:47 Scale Barding Armor
27:08 Hand Cart
28:13 Chain Barding Armor
28:22 Forging
28:47 Cavalier
30:23 Plate Barding Armor
30:37 Iron Casting
31:04 Conscription
30:57 Siege Engineers
33:39 Blast Furnace
32:58 Paladin
33:30 Paladin
34:21 Fletching
34:39 Pikeman
35:20 Squires
35:28 Scale Mail Armor
35:50 Halberdier
37:48 Chain Mail Armor
37:44 Bodkin Arrow
41:31 Plate Mail Armor
41:24 Treadmill Crane
42:05 Ballistics
好色小人
10:27 Feudal Age
14:35 Castle Age
12:56 Double-Bit Axe
13:00 Horse Collar
20:50 Heavy Plow
21:06 Bow Saw
22:50 Wheelbarrow
22:12 Gold Mining
23:33 Town Watch
24:29 Stone Mining
25:36 Arson
25:52 Squires
29:56 Imperial Age
28:09 Husbandry
28:20 Bloodlines
29:32 Ballistics
29:23 Masonry
29:32 Scale Mail Armor
30:07 Forging
30:20 Murder Holes
31:54 Chemistry
31:12 Chain Mail Armor
32:02 Two-Man Saw
32:16 Iron Casting
31:39 Elite Varangian Guard
32:46 Conscription
32:45 Gothikon
34:29 Hand Cart
35:26 Plate Mail Armor
36:24 Blast Furnace
35:33 Fletching
35:43 Padded Archer Armor
36:04 Town Patrol
37:01 Architecture
37:27 Fortified Wall
38:28 Bodkin Arrow
38:38 Scale Barding Armor
38:32 Pikeman
39:41 Bracer
39:57 Leather Archer Armor
39:26 Treadmill Crane
39:56 Halberdier
40:33 Elite Jarl
42:13 Crop Rotation
43:08 Ring Archer Armor
ky21431
12:14 Feudal Age
14:25 Gold Mining
14:29 Double-Bit Axe
17:01 Castle Age
21:32 Imperial Age
32:04 Loom
32:08 Horse Collar
tiwaz55
11:42 Feudal Age
13:01 Double-Bit Axe
13:49 Horse Collar
16:10 Castle Age
14:36 Stone Mining
16:27 Loom
16:57 Heavy Plow
24:52 Wheelbarrow
24:23 Gold Mining
28:15 Imperial Age
25:39 Treadmill Crane
26:17 Bow Saw
26:18 Gold Mining
27:07 Stone Shaft Mining
27:57 Ballistics
30:10 Chemistry
29:10 Fletching
31:39 Gold Shaft Mining
33:38 Elite Varangian Guard
34:48 Fortified Wall
35:31 Scale Mail Armor
36:02 Forging
36:39 Chain Mail Armor
37:10 Squires
38:19 Iron Casting
bearwilson2001
6:58 Loom
9:23 Feudal Age
10:11 Double-Bit Axe
11:31 Horse Collar
20:31 Castle Age
19:40 Wheelbarrow
20:14 Gold Mining
21:26 Bow Saw
22:02 Heavy Plow
23:53 Hand Cart
28:02 Imperial Age
26:33 Bloodlines
26:30 Scale Barding Armor
27:51 Chain Barding Armor
28:36 Gold Shaft Mining
28:44 Forging
28:15 Cavalier
29:47 Plate Barding Armor
29:40 Conscription
30:27 Iron Casting
31:51 Paladin
34:30 Blast Furnace
35:48 Fletching
36:22 Ballistics
37:16 Bodkin Arrow
38:04 Stone Mining
请拨打110
10:44 Feudal Age
14:34 Castle Age
13:23 Double-Bit Axe
23:15 Wheelbarrow
25:32 Hand Cart
28:20 Imperial Age
27:40 Bow Saw
28:23 Husbandry
28:30 Scale Barding Armor
28:36 Forging
28:33 Cavalier
29:24 Gold Mining
29:24 Stone Mining
29:55 Murder Holes
30:10 Masonry
30:31 Scale Mail Armor
30:52 Chain Barding Armor
31:09 Iron Casting
32:09 Conscription
32:18 Paladin
34:50 Plate Barding Armor
34:20 Loom
38:58 Gold Shaft Mining
42:26 Blast Furnace
Hao
9:52 Feudal Age
14:09 Castle Age
12:28 Double-Bit Axe
12:37 Horse Collar
13:47 Stone Mining
16:30 Fletching
16:31 Loom
17:27 Bodkin Arrow
23:09 Bow Saw
25:33 Husbandry
26:26 Bloodlines
26:57 Scale Barding Armor
28:29 Chain Barding Armor
Connection lost

Rejoining the realm…

Still unreachable

The connection could not be restored.

Session expired

The server has moved on; the page needs a fresh start.